 Dungeon Crawl Stone Soup version 0.31-a0-246-g8cbcc1cb85 (webtiles) character file.

Game seed: 15462251948786247967

2815 qw the Skirmisher (level 9, -4/71 (79) HPs)
             Began as a Minotaur Hexslinger on July 12, 2023.
             Was a Follower of Okawaru.
             Slain by a wight
             ... wielding a +0 long sword
              (11 damage)
             ... on level 8 of the Dungeon.
             The game lasted 00:03:28 (7200 turns).

qw the Skirmisher (Minotaur Hexslinger)             Turns: 7200, Time: 00:03:28

HP:   -4/71 (79)    AC:  8    Str: 14    XL:     9   Next: 44%
MP:   9/11          EV: 16    Int: 10    God:    Okawaru [*.....]
Gold: 484           SH:  0    Dex: 16    Spells: 9/10 levels left

rFire   . . .        Y - +0 orcbow
rCold   . . .        (shield currently unavailable)
rNeg    . . .        d - +2 leather armour {Will+}
rPois   .            (helmet restricted)
rElec   .            j - +0 cloak
rCorr   .            (no gloves)
SInv    .            h - +0 pair of boots
Will    +....        (no amulet)
Stlth   +++          (no ring)
HPRegen 0.31/turn    (no ring)
MPRegen 0.12/turn

%: no passive effects
@: about to teleport, heroic, heavily drained
A: horns 2, retaliatory headbutt
a: Renounce Religion, Heroism


You were on level 8 of the Dungeon.
You worshipped Okawaru.
Okawaru was aware of your devotion.
You visited 2 branches of the dungeon, and saw 9 of its levels.

You collected 484 gold pieces.


Innate Abilities, Weirdness & Mutations

You have a pair of horns on your head.
You reflexively headbutt those who attack you in melee.


   Skills:
 - Level 7.0(12.0) Fighting
 + Level 11.1(16.1) Ranged Weapons
 - Level 3.1(8.1) Armour
 - Level 4.1(9.1) Dodging
 - Level 1.0 Spellcasting
 - Level 2.0 Hexes
 - Level 4.0 Invocations


You had 9 spell levels left.
You knew the following spells:

 Your Spells              Type           Power      Damage    Failure   Level
a - Slow                  Hex            16%        N/A       19%         1

Your spell library contained the following spells:

 Spells                   Type           Power      Damage    Failure   Level
 Inner Flame              Hex/Fire       2%         N/A       63%         3
 Portal Projectile        Hex/Tloc       4%         N/A       63%         3
 Cause Fear               Hex            2%         N/A       87%         4

Inventory:

Hand Weapons
 Y - a +0 orcbow (weapon)
Armour
 d - a +2 leather armour of willpower (worn)
 h - a +0 pair of boots (worn)
 j - a +0 cloak (worn)
 k - +0 steam dragon scales
Scrolls
 a - a scroll of identify
 l - a scroll of teleportation
Potions
 b - a potion of cancellation
 e - a potion of heal wounds {unknown}
 f - 4 potions of enlightenment
 i - 2 potions of curing

Dungeon Overview and Level Annotations

Branches:
Dungeon (8/15)             Temple (1/1) D:4
   Lair: D:8-11

Altars:
Cheibriados
Dithmenos
Elyvilon
Fedhas
Gozag
Hepliaklqana
Kikubaaqudgha
Makhleb
Nemelex Xobeh
Okawaru
Qazlal
Ru
Sif Muna
Trog
Uskayaw
Wu Jian
Xom
Yredelemnul
Zin
The Shining One


Message History

The wight barely misses you.
The wight hits you with a +2 dire flail!
You feel drained.
You shoot an arrow. The arrow barely misses the wight.
The wight hits you with a +0 long sword.
You feel drained. The wight barely misses you. You furiously retaliate!
You headbutt the wight. You shoot an arrow. The arrow barely misses the wight.
The wight hits you with a +0 long sword!
The wight hits you with a +2 dire flail!
You feel drained.
7192 ||| INVOKING Heroism.
You gain the combat prowess of a mighty hero.
The wight misses you. The wight barely misses you.
You shoot an arrow. The arrow closely misses the wight.
The wight completely misses you. The wight barely misses you.
You shoot an arrow. The arrow hits the wight.
You destroy the wight!
Okawaru accepts your kill.
The wight hits you with a +0 long sword!
You shoot an arrow. The arrow hits the wight.
The wight is lightly damaged.
The wight hits you with a +6 mace.
You feel drained. The wight closely misses you.
You shoot an arrow. The arrow barely misses the wight.
The wight hits you with a +6 mace! The wight barely misses you.
7197 ||| READING 2 scrolls of teleportation.
As you read the scroll of teleportation, it crumbles to dust.
You feel strangely unstable. The wight misses you. x2
You shoot an arrow. The arrow hits the wight!
The wight is almost destroyed.
You shoot an arrow.
The arrow hits the wight but does no damage.
The wight is almost destroyed.
The wight closely misses you. The wight hits you with a +6 mace.
You shoot an arrow. The arrow barely misses the wight.
The wight hits you with a +6 mace.
You feel drained.
The wight hits you with a +0 long sword!
You die...

###############
#...>.........
####...##......##
................#
####...##......###.
#z@................
......z##.#.####<.##....
....### #.#.# #..# . ...
#.#.# #..# . #.... ....
....# #..## ..... ...#
.##.. ##.# .. .. .#


You could see 2 wights.

Vanquished Creatures
  Grinder (D:4)
  A steam dragon (D:7)
  2 sky beasts
  3 black bears
  An ice beast (D:6)
  A centaur (D:7)
  2 ogres
  2 phantoms
  3 bullfrogs
  3 scorpions
  4 wights
  A howler monkey (D:5)
  5 hounds
  An orc priest (D:5)
  4 sleepcaps
  4 iguanas
  7 orc wizards
  9 gnolls
  13 adders
  2 river rats (D:4)
  A shadow imp (D:7)
  3 white imps
  An ufetubus (D:5)
  6 worms
  4 dart slugs
  30 orcs
  7 endoplasms
  2 giant cockroaches
  9 goblins
  7 hobgoblins
  2 jackals (D:5)
  5 quokkas
  7 ball pythons
  3 bats (D:2)
  5 frilled lizards
  5 kobolds
  5 rats
171 creatures vanquished.

Vanquished Creatures (others)
  An orc wizard (D:5)
1 creature vanquished.

Grand Total: 172 creatures vanquished

Notes
Turn   | Place    | Note
-------+----------+-------------------------------------------
     0 | D:1      | qw the Minotaur Hexslinger began the quest for the Orb.
     0 | D:1      | Reached XP level 1. HP: 16/16 MP: 1/1
     0 | D:1      | 0 ||| qw: Version: 0.3-a-52-g30416fa
     0 | D:1      | 0 ||| qw: Game counter: 6365
     0 | D:1      | 0 ||| qw: Melee chars always use a shield: true
     0 | D:1      | 0 ||| qw: God list: Okawaru
     0 | D:1      | 0 ||| qw: Allow faded altars: false
     0 | D:1      | 0 ||| qw: Do Orc after clearing Dungeon:15 true
     0 | D:1      | 0 ||| qw: Do second Lair branch before Depths: true
     0 | D:1      | 0 ||| qw: Lair rune preference: random
     0 | D:1      | 0 ||| qw: Goals: Normal
     0 | D:1      | 0 ||| PLANNING D:1-11
    92 | D:1      | Reached skill level 3 in Ranged Weapons
    92 | D:1      | Reached XP level 2. HP: 23/23 MP: 2/2
   435 | D:1      | Reached XP level 3. HP: 29/29 MP: 3/3
   753 | D:1      | 753 ||| UPGRADING to +0 ring mail.
   763 | D:1      | 763 ||| DROPPING +0 robe.
   764 | D:1      | 764 ||| DROPPING +6 ring of intelligence.
   765 | D:1      | 765 ||| READING 4 scrolls labelled BINEKE NOMOOS.
   766 | D:1      | 766 ||| DRINKING 2 fizzy red potions.
   767 | D:1      | 767 ||| READING 3 scrolls of identify.
   767 | D:1      | 767 ||| IDENTIFYING smoky inky potion
   768 | D:1      | 768 ||| READING 2 scrolls of identify.
   768 | D:1      | 768 ||| IDENTIFYING purple potion
   769 | D:1      | 769 ||| DROPPING scroll of poison.
   770 | D:1      | 770 ||| DROPPING potion of magic.
   824 | D:2      | Reached skill level 4 in Ranged Weapons
   914 | D:2      | Reached skill level 1 in Armour
   943 | D:2      | Reached XP level 4. HP: 36/36 MP: 4/4
  1098 | D:2      | Found a shimmering altar of Xom.
  1253 | D:2      | 1253 ||| READING scroll labelled YFAABI NYILO.
  1254 | D:2      | 1254 ||| READING scroll labelled IRISMO CAIGG.
  1255 | D:2      | 1255 ||| READING scroll labelled XOC JOSHUSKE.
  1256 | D:2      | 1256 ||| READING scroll labelled VATOYL JEDEUS.
  1260 | D:2      | 1260 ||| DRINKING 2 fuming black potions.
  1301 | D:2      | 1301 ||| DROPPING potion of lignification.
  1368 | D:3      | Reached skill level 5 in Ranged Weapons
  1474 | D:3      | Reached XP level 5. HP: 44/44 MP: 5/5
  1570 | D:3      | Reached skill level 3 in Fighting
  1693 | D:3      | 1693 ||| UPGRADING to amulet of guardian spirit.
  1698 | D:3      | 1698 ||| READING scroll labelled XEDIJO VAO.
  1699 | D:3      | 1699 ||| READING 2 scrolls of identify.
  1699 | D:3      | 1699 ||| IDENTIFYING sedimented inky potion
  1700 | D:3      | 1700 ||| DROPPING potion of brilliance.
  1724 | D:4      | 1724 ||| PLANNING SEWER
  1903 | D:4      | 1903 ||| Stepping ~*~*~tactically~*~*~ (outnumbered).
  1905 | D:4      | Reached skill level 6 in Ranged Weapons
  1919 | D:4      | HP: 10/45 [gnoll/+0 club (5)]
  2060 | D:4      | Found a staircase to the Ecumenical Temple.
  2222 | D:4      | Found a sacrificial altar of Ru.
  2222 | D:4      | Found an opulent altar of Gozag.
  2244 | D:4      | Reached XP level 6. HP: 44/52 MP: 3/6
  2293 | D:4      | Noticed Grinder
  2301 | D:4      | Paralysed by Grinder for 3 turns
  2316 | D:4      | Paralysed by Grinder for 4 turns
  2325 | D:4      | HP: 9/52 [Grinder/nerve-wracking pain (13)]
  2326 | D:4      | Killed Grinder
  2381 | D:4      | 2381 ||| RIP SEWER
  2486 | D:4      | 2486 ||| PLANNING TEMPLE
  2524 | Temple   | Entered the Ecumenical Temple
  2613 | Temple   | 2613 ||| PLANNING OKAWARU WORSHIP
  2719 | Temple   | Became a worshipper of Warmaster Okawaru
  2720 | Temple   | 2720 ||| PLANNING D:1-11
  2720 | Temple   | 2720 ||| REMOVING amulet of guardian spirit.
  2725 | Temple   | 2725 ||| DROPPING amulet of guardian spirit.
  3122 | D:4      | Reached XP level 7. HP: 56/62 MP: 7/7
  3398 | D:4      | Reached skill level 7 in Ranged Weapons
  3521 | D:5      | Entered Level 5 of the Dungeon
  3587 | D:5      | 3587 ||| FLEEEEING.
  3675 | D:5      | Reached * piety under Okawaru
  3693 | D:5      | 3693 ||| FLEEEEING.
  3763 | D:5      | Reached skill level 1 in Invocations
  3796 | D:5      | Reached skill level 8 in Ranged Weapons
  3862 | D:5      | 3862 ||| INVOKING Heroism.
  3921 | D:5      | 3921 ||| INVOKING Heroism.
  3926 | D:5      | Reached XP level 8. HP: 27/70 MP: 5/8
  3931 | D:5      | HP: 16/70 [gnoll/+0 club (7)]
  3940 | D:5      | 3940 ||| FLEEEEING.
  3941 | D:5      | 3941 ||| FLEEEEING.
  3942 | D:5      | 3942 ||| FLEEEEING.
  4041 | D:5      | 4041 ||| FLEEEEING.
  4043 | D:5      | 4043 ||| FLEEEEING.
  4332 | D:5      | Found a blossoming altar of Fedhas.
  4339 | D:5      | 4339 ||| FLEEEEING.
  4345 | D:5      | 4345 ||| FLEEEEING.
  4346 | D:5      | 4346 ||| FLEEEEING.
  4354 | D:5      | 4354 ||| FLEEEEING.
  4355 | D:5      | 4355 ||| FLEEEEING.
  4356 | D:5      | 4356 ||| FLEEEEING.
  4357 | D:5      | 4357 ||| FLEEEEING.
  4358 | D:5      | 4358 ||| FLEEEEING.
  4359 | D:5      | 4359 ||| FLEEEEING.
  4360 | D:5      | 4360 ||| FLEEEEING.
  4361 | D:5      | 4361 ||| FLEEEEING.
  4369 | D:5      | 4369 ||| FLEEEEING.
  4370 | D:5      | 4370 ||| FLEEEEING.
  4380 | D:5      | 4380 ||| FLEEEEING.
  4386 | D:5      | 4386 ||| STAIRDANCE
  4406 | D:4      | 4406 ||| READING 2 scrolls of identify.
  4406 | D:4      | 4406 ||| IDENTIFYING white potion
  4412 | D:5      | 4412 ||| STAIRDANCE
  4453 | D:5      | 4453 ||| INVOKING Heroism.
  4746 | D:5      | 4746 ||| INVOKING Heroism.
  4866 | D:6      | 4866 ||| DRINKING 4 potions of curing.
  4866 | D:6      | 4866 ||| (to cure confusion)
  4969 | D:6      | Reached skill level 3 in Invocations
  4984 | D:6      | 4984 ||| INVOKING Heroism.
  4995 | D:6      | HP: 15/70 [something (6)]
  4997 | D:6      | Reached skill level 9 in Ranged Weapons
  5148 | D:6      | 5148 ||| FLEEEEING.
  5149 | D:6      | 5149 ||| FLEEEEING.
  5150 | D:6      | 5150 ||| FLEEEEING.
  5151 | D:6      | 5151 ||| FLEEEEING.
  5152 | D:6      | 5152 ||| FLEEEEING.
  5153 | D:6      | 5153 ||| FLEEEEING.
  5226 | D:6      | 5226 ||| FLEEEEING.
  5227 | D:6      | 5227 ||| FLEEEEING.
  5228 | D:6      | 5228 ||| FLEEEEING.
  5229 | D:6      | 5229 ||| FLEEEEING.
  5230 | D:6      | 5230 ||| FLEEEEING.
  5232 | D:6      | 5232 ||| FLEEEEING.
  5233 | D:6      | 5233 ||| FLEEEEING.
  5234 | D:6      | 5234 ||| FLEEEEING.
  5235 | D:6      | 5235 ||| FLEEEEING.
  5236 | D:6      | 5236 ||| FLEEEEING.
  5243 | D:6      | 5243 ||| FLEEEEING.
  5244 | D:6      | 5244 ||| FLEEEEING.
  5245 | D:6      | 5245 ||| FLEEEEING.
  5246 | D:6      | 5246 ||| FLEEEEING.
  5247 | D:6      | 5247 ||| STAIRDANCE
  5302 | D:6      | 5302 ||| STAIRDANCE
  5304 | D:5      | 5304 ||| DRINKING 3 potions of curing.
  5304 | D:5      | 5304 ||| (to cure confusion)
  5492 | D:6      | 5492 ||| INVOKING Heroism.
  5498 | D:6      | Reached skill level 6 in Fighting
  5554 | D:6      | 5554 ||| INVOKING Heroism.
  5561 | D:6      | HP: 12/71 [ice beast (11)]
  5565 | D:6      | Reached skill level 3 in Dodging
  5793 | D:6      | 5793 ||| INVOKING Heroism.
  5972 | D:6      | 5972 ||| FLEEEEING.
  5973 | D:6      | 5973 ||| FLEEEEING.
  5974 | D:6      | 5974 ||| FLEEEEING.
  5984 | D:6      | Reached skill level 10 in Ranged Weapons
  6017 | D:6      | Reached XP level 9. HP: 78/78 MP: 11/11
  6080 | D:6      | 6080 ||| UPGRADING to +0 cloak.
  6085 | D:6      | 6085 ||| READING scroll labelled PYWASE MIOSU.
  6086 | D:6      | 6086 ||| READING scroll labelled CUURGHU CIRPHEA.
  6087 | D:6      | 6087 ||| DRINKING 2 fizzy emerald potions.
  6088 | D:6      | 6088 ||| DROPPING potion of attraction.
  6288 | D:7      | 6288 ||| INVOKING Heroism.
  6382 | D:7      | 6382 ||| INVOKING Heroism.
  6414 | D:7      | 6414 ||| INVOKING Heroism.
  6420 | D:7      | Reached skill level 11 in Ranged Weapons
  6665 | D:7      | Found a flagged portal.
  6978 | D:7      | Reached skill level 3 in Armour
  7120 | D:7      | Identified the +9 rapier of Accidental Termination {vamp,
                  | Will++ Int+4 Stlth-}
  7121 | D:7      | 7121 ||| SWAPPING to +0 orcbow.
  7122 | D:7      | 7122 ||| DROPPING +2 sling.
  7123 | D:7      | 7123 ||| UPGRADING to +2 leather armour of willpower.
  7133 | D:7      | 7133 ||| DROPPING +0 ring mail.
  7134 | D:7      | 7134 ||| UPGRADING to +0 pair of boots.
  7139 | D:7      | 7139 ||| READING scroll labelled LUPNOH PIFOE.
  7140 | D:7      | 7140 ||| READING 2 scrolls of identify.
  7140 | D:7      | 7140 ||| IDENTIFYING blue potion
  7141 | D:7      | 7141 ||| DROPPING potion of degeneration.
  7192 | D:8      | 7192 ||| INVOKING Heroism.
  7196 | D:8      | HP: 13/72 [wight/+6 mace (14)]
  7197 | D:8      | 7197 ||| READING 2 scrolls of teleportation.
  7200 | D:8      | Slain by a wight

Levels and vault maps discovered:
D:1:      amcnicky_arrival_flooded_fountain, layout_basic, serial_glass,
          glass_columns_a, glass_columns_a, minmay_misc_feat_encased,
          minmay_misc_feat_doors
D:2:      layout_rooms, basic_altar
D:3:      layout_basic
D:4:      layout_loops_corners, gammafunk_temple_overflow_wave,
          minmay_temple_entry_mist, lightli_sewer_entry_pipes, uniq_grinder
D:5:      layout_loops_ring, mainiacjoe_overflow_six_doors_small, st_stairs_10,
          lemuel_flamethrower_2
D:6:      layout_rooms, kennysheep_opposing_triangles
D:7:      layout_basic, enter_bailey_2
D:8:      layout_loops_ring, dpeg_oklobed_lair, hangedman_glass_teeth
Temple:   bh_familiar_temple

Skill      XL: |  1  2  3  4  5  6  7  8  9 |
---------------+----------------------------+-----
Ranged Weapons | 3 4 5 6 8 10 11 | 11.1
Fighting       | 2 3 5 6 7 |  7.0
Armour         | 1 2 3 |  3.1
Invocations    | 2 4 |  4.0
Dodging        | 3 4 |  4.1
Spellcasting   | |  1.0
Hexes          | |  2.0

Action                     |  1- 3 |  4- 6 |  7- 9 || total
---------------------------+-------+-------+-------++-------
   Fire: Sling             |   111 |   231 |   438 ||   780
         Orcbow            |       |       |    18 ||    18
 Invoke: Heroism           |       |       |    12 ||    12
    Use: Scroll            |     3 |     6 |     6 ||    15
         Potion            |     1 |     1 |     3 ||     5
 Armour: Ring mail         |    21 |    29 |    81 ||   131
  Dodge: Dodged            |    20 |    60 |   152 ||   232

Table legend:
 A = Non-vault XP
 B = Vault XP
 C = Vault XP percentage of total XP
 D = Non-vault monster count
 E = Vault monster count
 F = Vault count percentage of total count
                 A         B        C        D         E       F
            +---------+---------+-------+---------+---------+-------
      Total |    3194 |     828 |  20.6 |     154 |      17 |   9.9
            +---------+---------+-------+---------+---------+-------
        D:1 |      48 |       0 |   0.0 |      19 |       0 |   0.0
        D:2 |      87 |       0 |   0.0 |      23 |       0 |   0.0
        D:3 |      64 |       0 |   0.0 |      15 |       0 |   0.0
        D:4 |     383 |     336 |  46.7 |      19 |      11 |  36.7
        D:5 |     538 |     136 |  20.2 |      34 |       2 |   5.6
        D:6 |     858 |     356 |  29.3 |      20 |       4 |  16.7
        D:7 |    1144 |       0 |   0.0 |      23 |       0 |   0.0
        D:8 |      72 |       0 |   0.0 |       1 |       0 |   0.0
            +---------+---------+-------+---------+---------+-------
